 Dungeon Crawl Stone Soup version 0.31-a0-1576-ga3383bade6 (webtiles) character file.

Game seed: 524381059080536263

245 grandjackal the Trooper (level 5, -1/43 HPs)
             Began as a Demonspawn Gladiator on Jan 4, 2024.
             Splashed by a jelly's acid (4 damage)
             ... on level 4 of the Dungeon.
             The game lasted 00:03:10 (2423 turns).

grandjackal the Trooper (Demonspawn Gladiator)      Turns: 2423, Time: 00:03:10

Health: -1/43      AC:  2    Str: 17    XL:     5   Next: 83%
Magic:  5/5        EV: 10    Int:  8    God:
Gold:   113        SH:  0    Dex: 14    Spells: 4/4 levels left

rFire   . .          .
                       - Unarmed
rCold   . . .        (no shield)
rNeg    . . .        h - +0 scale mail
rPois   .            c - +0 helmet
rElec   .            r - +0 cloak
rCorr   .            (no gloves)
SInv    .            (no boots)
Will    +....        (no amulet) Stlth
                     s - ring of willpower
HPRegen 0.27/turn    (no ring)
MPRegen 0.09/turn

%: no passive effects
@: corroded
A: claws 2, thin metallic scales 1
a: no special abilities


You were on level 4 of the Dungeon.
You visited 1 branch of the dungeon, and saw 4 of its levels.

You collected 113 gold pieces.

Inventory:

Hand Weapons
 a - a +0 war axe
Missiles
 d - 3 throwing nets (quivered)
 e - a javelin
 t - 11 poisoned darts
Armour
 c - a +0 helmet (worn)
 h - a +0 scale mail (worn)
 r - a +0 cloak (worn)
Jewellery
 s - a ring of willpower (left claw)
Scrolls
 g - 2 scrolls of vulnerability {unknown}
 k - 2 scrolls of identify {unknown}
 l - a scroll of fog {unknown}
 n - a scroll of brand weapon {unknown}
 o - a scroll of teleportation {unknown}
 p - 2 scrolls of amnesia {unknown}
 u - a scroll of blinking {unknown}
 v - a scroll of enchant armour {unknown}
Potions
 b - a potion of berserk rage {unknown}
 f - a potion of cancellation {unknown}
 i - 2 potions of lignification {unknown}
 j - a potion of enlightenment {unknown}
 m - 2 potions of might {unknown}
 q - a potion of invisibility {unknown}


   Skills:
 + Level 4.3 Fighting
 - Level 2.8 Axes
 - Level 2.0 Throwing
 - Level 3.0 Dodging
 + Level 3.2 Unarmed Combat


You had 4 spell levels left.
You didn't know any spells.
Your spell library contained the following spells:

 Spells                   Type           Power      Damage    Failure   Level
 Magic Dart               Conj           0%         1d3       85%         1
 Shock                    Conj/Air       0%         1d3       85%         1
 Searing Ray              Conj           0%         2d4       94%         2
 Swiftness                Air            0%         N/A       99%         3
 Airstrike                Air            0%         2d(0-16)  100%        4
 Fulminant Prism          Conj/Alch      0%         3d5       100%        4


Dungeon Overview and Level Annotations

Branches:
Dungeon (4/15)
 Temple: D:4-7

Altars:
Gozag

Annotations:
D:3 3 runed translucent doors, knightboat's ghost, amateur KoEn


Innate Abilities, Weirdness & Mutations

You have very sharp fingernails.
You are partially covered in thin metallic scales. (AC +2)


Message History

The hobgoblin hits you but does no damage.
You scratch the hobgoblin but do no damage.
The hobgoblin barely misses you.
You scratch the hobgoblin.
The hobgoblin is severely wounded.
The hobgoblin hits you but does no damage.
You scratch the hobgoblin but do no damage.
You claw the hobgoblin, but do no damage.
The hobgoblin is severely wounded.
The hobgoblin hits you.
You claw the hobgoblin!
You kill the hobgoblin!
You claw the giant cockroach!
You kill the giant cockroach!
A jelly comes into view.
The jelly quivers.
You hear the brisk hiss of an avalanche of sand nearby.
You scratch the jelly but do no damage. The acid corrodes you!
Your claws burn!
The jelly hits you. The acid corrodes you!
You are splashed with acid.
You barely miss the jelly. The jelly closely misses you.
You scratch the jelly.
Your claws burn!
The jelly is lightly wounded.
The jelly barely misses you.
You scratch the jelly but do no damage.
Your claws burn!
The jelly is lightly wounded.
The jelly hits you but does no damage.
You barely miss the jelly.
The jelly is lightly wounded.
The jelly hits you.
You are splashed with acid!
You scratch the jelly.
Your claws burn!
The jelly is moderately wounded.
The jelly attacks as it pursues you! The jelly hits you.
* * * LOW HITPOINT WARNING * * *
The acid corrodes you!
You are splashed with acid!
* * * LOW HITPOINT WARNING * * *
You aren't carrying any items that you can evoke.
The jelly attacks as it pursues you! The jelly hits you but does no damage.
The jelly attacks as it pursues you! The jelly closely misses you.
You claw the jelly!
Your claws burn!
You die...

......##......#####.#.#####.#
..............# #.........#
.#.......######## ###.#####.#
.........# . . ##.#...#.##
.........##. .###......#..
.......###.# #:)#......#..
##.....# #K# #[$#......#.####
#.....# #.#
#######.#.#.#.#..# ###....#
#.####J@..##.#.#.#...<#
.##....#
##..K.####.#.#.#.#.####.
..#....#########
#.#.#.#........
.......#....'..#
#.#.#.###.#####
...#...#.88.#†.####.#.#.###.#
...#...#.88.###....##'#.....#
..##...#....########.....##.#
.......####'#............#..#
##.......##.#............#..#


You could see a kobold brigand and a jelly.

Vanquished Creatures
  A black bear (D:4)
  A scorpion (D:4)
  4 adders
  2 dart slugs
  4 ball pythons
  8 endoplasms
  4 giant cockroaches
  4 hobgoblins
  5 jackals
  2 kobolds
  3 quokkas
  5 bats
  A frilled lizard (D:1)
  3 goblins
  7 rats
54 creatures vanquished.

Notes
Turn   | Place    | Note
-------+----------+-------------------------------------------
     0 | D:1      | grandjackal the Demonspawn Gladiator began the quest for
                  | the Orb.
     0 | D:1      | Reached XP level 1. HP: 16/16 MP: 1/1
   347 | D:1      | Gained mutation: You have sharp fingernails. [demonic
                  | ancestry]
   347 | D:1      | Reached XP level 2. HP: 22/22 MP: 2/2
   995 | D:2      | Found a faded altar of an unknown god.
  1035 | D:2      | Found an opulent altar of Gozag.
  1161 | D:2      | Reached skill level 1 in Unarmed Combat
  1161 | D:2      | Reached XP level 3. HP: 27/28 MP: 3/3
  1496 | D:3      | Reached skill level 3 in Fighting
  1528 | D:3      | Identified the +11 short sword of Foolhardiness {holy, rF-
                  | Str+2 Int+4}
  1823 | D:3      | Gained mutation: You have very sharp fingernails. [demonic
                  | ancestry]
  1823 | D:3      | Reached XP level 4. HP: 35/35 MP: 4/4
  1920 | D:3      | Found a runed translucent gate.
  1920 | D:3      | Found a runed translucent gate.
  1921 | D:3      | Found a runed translucent gate.
  1923 | D:3      | Noticed knightboat's ghost (amateur KoEn)
  2072 | D:4      | Noticed a scorpion
  2083 | D:4      | Killed a scorpion
  2249 | D:4      | Gained mutation: You are partially covered in thin metallic
                  | scales. (AC +2) [demonic ancestry]
  2249 | D:4      | Reached XP level 5. HP: 37/42 MP: 5/5
  2263 | D:4      | Noticed a black bear
  2281 | D:4      | Killed a black bear
  2282 | D:4      | Reached skill level 4 in Fighting
  2416 | D:4      | HP: 2/43 [acid (10)]
  2423 | D:4      | Splashed by a jelly's acid

Illustrated notes

Levels and vault maps discovered:
D:1:      dpeg_arrival_yet_another_circle, layout_loops_ring
D:2:      layout_basic, basic_altar, nicolae_ecumenical_oubliette,
          minmay_misc_feat_alley, dreamdust_princess_bridge
D:3:      layout_rooms, gammafunk_ghost_necromancy
D:4:      minmay_chambers_of_fours, layout_basic, enter_ossuary_3

Skill      XL: |  1  2  3  4  5 |
---------------+----------------+-----
Throwing       | 2 |  2.0
Dodging        | 3 |  3.0
Unarmed Combat | 1 2 3 |  3.2
Fighting       | 3 4 |  4.3
Axes           | |  2.8

Action                     |  1- 3 |  4- 6 || total
---------------------------+-------+-------++-------
  Melee: War axe           |   107 |     1 ||   108
         Unarmed           |       |    60 ||    60
         Punch             |       |     1 ||     1
 Armour: Leather armour    |     9 |       ||     9
         Scale mail        |    83 |    66 ||   149
  Dodge: Dodged            |    71 |    43 ||   114

Table legend: (Time is in decaauts)
 A = Elapsed time spent in this place.
 B = Non-inter-level travel time spent in this place.
 C = Inter-level travel time spent in this place.
 D = Time resting spent in this place.
 E = Time spent auto-exploring this place.
 F = Levels seen in this place.
 G = Mean time per level.
                   A        B        C        D        E       F      G
               +--------+--------+--------+--------+--------+-----+--------+
         Total |   2460 |   2329 |    131 |    257 |   1500 |   4 |  615.0 |
       Dungeon |   2460 |   2329 |    131 |    257 |   1500 |   4 |  615.0 |
               +--------+--------+--------+--------+--------+-----+--------+

Top non-repeatable levels by time:
     D:1: 864 daAuts
     D:3: 696 daAuts
     D:2: 532 daAuts
     D:4: 367 daAuts
